 Dungeon Crawl Stone Soup version 0.28.0-45-g0d030f2227 (webtiles) character file.

Game seed: 2468486315191423775

117 selver the Shooter (level 4, -14/37 HPs)
             Began as a Minotaur Hunter on Apr 15, 2022.
             Demolished by an orc warrior
             ... wielding a +2 antimagic war axe
              (16 damage)
             ... on level 2 of the Dungeon.
             The game lasted 00:05:39 (1883 turns).

selver the Shooter (Minotaur Hunter)                Turns: 1883, Time: 00:05:39

Health: -14/37     AC:  6    Str: 18    XL:     4   Next: 71%
Magic:  0/3        EV: 11    Int:  8    God:
Gold:   86         SH:  0    Dex: 11    Spells: 3/3 levels left

rFire   . . .      SeeInvis .   a - +1 shortbow
rCold   . . .      Faith    .   (shield currently unavailable)
rNeg    . . .      Spirit   .   c - +0 leather armour
rPois   .          Reflect  .   (helmet restricted)
rElec   .          Harm     .   t - +0 cloak
rCorr   .          Rampage  .   (no gloves)
Will    .....                   n - +1 pair of boots {Stlth+}
Stlth   ++........              (no amulet)
HPRegen 0.12/turn               (no ring)
MPRegen 0.08/turn               (no ring)

@: mighty, brilliant
A: horns 2, retaliatory headbutt
a: no special abilities


You were on level 2 of the Dungeon.
You visited 1 branch of the dungeon, and saw 3 of its levels.

You collected 86 gold pieces.

Inventory:

Hand Weapons
 a - a +1 shortbow (weapon)
 b - a +0 short sword
Missiles
 r - 2 arrows (quivered ammo)
 u - 2 poisoned darts
Armour
 c - a +0 leather armour (worn)
 k - a +0 ring mail
 n - a +1 pair of boots of stealth (worn)
 t - a +0 cloak (worn)
Wands
 d - a wand of polymorph (8)
Scrolls
 e - a scroll of vulnerability {unknown}
 f - a scroll of amnesia {unknown}
 g - a scroll of fog {unknown}
 i - a scroll of enchant weapon {unknown}
 l - 2 scrolls of magic mapping {unknown}
 m - 3 scrolls of immolation
 o - a scroll of identify {unknown}
 p - a scroll of teleportation {unknown}
 s - a scroll of enchant armour {unknown}
Potions
 q - a potion of berserk rage {unknown}


   Skills:
 - Level 2.4 Fighting
 + Level 6.7 Bows
 - Level 2.1 Dodging
 - Level 0.7 Stealth


You had 3 spell levels left.
You didn't know any spells.
Your spell library was empty.

Dungeon Overview and Level Annotations

Branches:
Dungeon (3/15)

Altars:


Innate Abilities, Weirdness & Mutations

You have a pair of horns on your head.
You reflexively headbutt those who attack you in melee.


Message History

The arrow closely misses the orc wizard.
You shoot an arrow. The arrow hits the orc wizard!
The orc wizard is almost dead.
An orc comes into view. It is wielding a +0 flail.
You shoot an arrow. The orc shouts!
The arrow hits the orc wizard.
You kill the orc wizard!
You hear a shout!
You shoot an arrow.
The arrow barely misses the orc warrior.
The arrow closely misses the orc.
An orc comes into view. It is wielding a +0 falchion.
You shoot an arrow. The arrow hits the orc warrior.
The orc warrior is lightly wounded.
An orc comes into view. It is wielding a +0 flail.
You shoot an arrow.
The arrow barely misses the orc warrior.
The orc shouts!
Fire: 3 arrows
Press: ? - help, Q - select action, (/) - cycle Shift-Dir - straight line, f/p - orc warrior
Aim: an orc warrior, wielding a +2 antimagic war axe and wearing a +0 plate armour (lightly wounded, 62% to hit)
You shoot an arrow. The arrow hits the orc warrior.
The orc warrior is moderately wounded.
The orc warrior hits you with a +2 antimagic war axe!
You feel your power leaking away.
Okay, then.
There is a stone staircase leading up here.
The orc warrior hits you with a +2 antimagic war axe!
You climb upwards.
There is a stone staircase leading down here.
It was a potion of might.
You feel very mighty all of a sudden.
The orc warrior hits you with a +2 antimagic war axe!
* * * LOW HITPOINT WARNING * * *
You feel your power leaking away.
It was a potion of brilliance.
You feel clever all of a sudden.
The orc warrior hits you with a +2 antimagic war axe!
You die...

################
...............#
######<........######
###..............##
####...........#..>..#
...#.#.#.......#.....#
##.#[..........#.....#
#.#.#.#.......##o..##
#.#............@.#.#
##.##..........##.#.#
#..........#.####.#)#
#..###.....#.##.....#
#..# #.....#.##.#.###
#..# #######......#
#..### #######.###
.....# #.......#
.....####.#######


You could see an orc warrior.

Vanquished Creatures
  A jelly (D:3)
  An orc wizard (D:3)
  A worm (D:2)
  6 orcs (D:3)
  3 ball pythons
  5 bats
  5 endoplasms
  7 hobgoblins
  3 jackals (D:2)
  2 kobolds
  2 quokkas
  3 frilled lizards
  6 goblins
  5 rats
50 creatures vanquished.

Notes
Turn   | Place    | Note
-------+----------+-------------------------------------------
     0 | D:1      | selver the Minotaur Hunter began the quest for the Orb.
     0 | D:1      | Reached XP level 1. HP: 18/18 MP: 0/0
   162 | D:1      | Reached XP level 2. HP: 25/25 MP: 1/1
   225 | D:1      | Reached skill level 5 in Bows
   938 | D:2      | Reached XP level 3. HP: 30/30 MP: 2/2
  1628 | D:3      | Reached skill level 6 in Bows
  1700 | D:3      | Reached XP level 4. HP: 31/37 MP: 3/3
  1799 | D:3      | Found a faded altar of an unknown god.
  1855 | D:3      | Noticed an orc warrior
  1883 | D:2      | Demolished by an orc warrior

Illustrated notes

Levels and vault maps discovered:
D:1:      ncdulo_watergridlock, layout_basic, minmay_pentomino_q4
D:2:      layout_loops_cross, serial_glass, glass_columns_a, glass_columns_a,
          glass_columns_c, glass_columns_c, glass_columns_b, glass_columns_b,
          glass_columns_c, glass_columns_a
D:3:      layout_rooms, hellmonk_ecumenical_altar_blasted

Skill      XL: |  1  2  3 |
---------------+----------+-----
Bows           | 5 6 |  6.7
Fighting       | |  2.4
Dodging        | |  2.1
Stealth        | |  0.7

Action                   |  1- 3 |  4- 6 || total
-------------------------+-------+-------++-------
Melee: Short sword       |     7 |       ||     7
       Headbutt          |     1 |       ||     1
 Fire: Shortbow          |   103 |     9 ||   112
  Use: Potion            |       |     2 ||     2
Armor: Leather armour    |     6 |       ||     6
Dodge: Dodged            |    21 |       ||    21
